 Dungeon Crawl Stone Soup version 0.23.0-3-gf3c87f2 (webtiles) character file.

Game seed: 16103570344095798896

9773 Lavandula the Grappler (level 11, -1/102 (104) HPs)
             Began as a Troll Wanderer on Feb 24, 2019.
             Was an Initiate of Yredelemnul.
             Shot with an arrow by a centaur (4 damage)
             ... on level 11 of the Dungeon.
             The game lasted 00:18:34 (8283 turns).

Lavandula the Grappler (Troll Wanderer)             Turns: 8283, Time: 00:18:34

HP:   -1/102 (104)  AC: 10    Str: 23    XL:     11   Next: 27%
MP:   14/14         EV: 10    Int:  9    God:    Yredelemnul [......]
Gold: 893           SH:  0    Dex: 10    Spells: 11/12 levels left

rFire    . . .     SeeInvis .     - Unarmed
rCold    . . .     Gourm    +   (no shield)
rNeg     . . .     Faith    .   e - +0 robe
rPois    .         Spirit   .   (helmet restricted)
rElec    .         Reflect  .   F - +0 cloak
rCorr    .         Harm     .   (gloves unavailable)
MR       .....                  (boots unavailable)
Stlth    +.........             (no amulet)
HPRegen  0.67/turn              m - +3 ring of protection
MPRegen  0.14/turn              L - -2 ring of evasion (curse)

@: no status effects
A: large, unfitting armour, claws 3, fast metabolism 3, gourmand, regeneration
1, shaggy fur 1, tough skin 3
a: Renounce Religion


You were on level 11 of the Dungeon.
You worshipped Yredelemnul.
Yredelemnul was noncommittal.
You were completely stuffed.

You visited 2 branches of the dungeon, and saw 12 of its levels.

You collected 893 gold pieces.

Inventory:

Hand Weapons
 d - a +0 blowgun
Missiles
 c - 12 poisoned needles
 D - a throwing net (quivered)
 E - a javelin
Armour
 e - a +0 robe (worn)
 F - a +0 cloak (worn)
Magical Staves
 I - an uncursed staff of air {unknown}
Jewellery
 m - a +3 ring of protection (left claw)
 L - a cursed -2 ring of evasion (right claw)
 O - a cursed amulet of inaccuracy {unknown}
Wands
 j - a wand of digging (4)
 B - a wand of flame (25)
 G - a wand of acid (1)
 J - a wand of paralysis (12)
 K - a wand of enslavement (4)
Scrolls
 g - 2 scrolls of noise {unknown}
 h - a scroll of enchant weapon {unknown}
 l - 14 scrolls of identify {unknown}
 n - 4 scrolls of magic mapping {unknown}
 o - 6 scrolls of teleportation {unknown}
 q - 4 scrolls of remove curse {unknown}
 r - a scroll of blinking {unknown}
 u - 7 scrolls of amnesia {unknown}
 v - a scroll of random uselessness {unknown}
 w - a scroll of immolation {unknown}
 x - 3 scrolls of enchant armour {unknown}
 y - a scroll of fear {unknown}
Potions
 a - 6 potions of heal wounds {unknown}
 b - 8 potions of curing
 i - 2 potions of cancellation {unknown}
 k - 2 potions of invisibility {unknown}
 p - 2 potions of flight {unknown}
 s - 2 potions of brilliance {unknown}
 t - 3 potions of haste
 z - 3 potions of agility {unknown}
 A - a potion of magic {unknown}
 C - a potion of degeneration {unknown}
 H - a potion of might {unknown}
 M - a potion of ambrosia {unknown}
 N - 3 potions of lignification {unknown}
 Q - a potion of resistance {unknown}
Comestibles
 f - 14 rations
 R - 2 chunks of flesh


   Skills:
 + Level 5.5 Fighting
   Level 1.0 Polearms
 - Level 6.2 Throwing
 - Level 6.1 Dodging
 - Level 1.0 Stealth
   Level 1.0 Shields
 - Level 11.0 Unarmed Combat
 - Level 1.0 Spellcasting
 - Level 1.0 Conjurations
   Level 1.0 Hexes
 - Level 5.5 Evocations


You had 11 spell levels left.
You knew the following spells:

 Your Spells              Type           Power        Failure   Level  Hunger
a - Magic Dart            Conj           #...         24%         1    ##.....

Your spell library contained the following spells:

 Spells                   Type           Power        Failure   Level  Hunger
 Confusing Touch          Hex            #.....       24%         1    ##.....
 Slow                     Hex            #.......     36%         2    ###....
 Blink                    Tloc           N/A          50%         2    ###....
 Call Imp                 Summ           #.......     50%         2    ###....
 Confuse                  Hex            #.......     58%         3    ####...
 Conjure Flame            Conj/Fire      #.......     65%         3    ####...
 Mephitic Cloud           Conj/Pois/Air  #.......     69%         3    ####...
 Gell's Gravitas          Tloc           #.........   73%         3    ####...
 Petrify                  Tmut/Erth      #.......     98%         4    #####..
 Metabolic Englaciation   Hex/Ice        #.........   100%        5    ######.
 Yara's Violent Unravell  Hex/Tmut       #.........   100%        5    ######.


Dungeon Overview and Level Annotations

Branches:
Dungeon (11/15)            Temple (1/1) D:7            Lair (0/6) D:9
    Orc (0/2) D:9

Altars:
Ashenzari
Cheibriados
Dithmenos
Elyvilon
Fedhas
Gozag
Hepliaklqana
Kikubaaqudgha
Makhleb
Nemelex Xobeh
Okawaru
Qazlal
Ru
Sif Muna
Trog
Uskayaw
Vehumet
Wu Jian
Xom
Yredelemnul
Zin
The Shining One

Shops:
D:6 *


Innate Abilities, Weirdness & Mutations

You are too large for most types of armour.
You have claws for hands.
Your metabolism is lightning-fast.
You like to eat raw meat.
Your natural rate of healing is unusually fast.
You are covered in fur. (AC +1)
You have extremely tough skin. (AC +3)


Message History

The yak gores you.
* * * LOW HITPOINT WARNING * * *
The centaur wields a +0 shortbow.
The centaur shoots an arrow.
The arrow hits you.
* * * LOW HITPOINT WARNING * * *
Okay, then.
Okay, then.
Evoke which item? (* to show all) (? for menu, Esc to quit)
Okay, then.
The centaur unwields a +0 shortbow.
The centaur hits you but does no damage.
A centaur comes into view.
The centaur unwields a +0 shortbow.
The centaur closely misses you.
The centaur hits you but does no damage.
Things that are here:
a +0 shortbow; 24 arrows; a centaur corpse The centaur wields a +0 shortbow.
The centaur shoots an arrow.
The arrow hits you.
You die...
Your body rises from the dead as a mindless zombie.

## ...# # ...# .#
...# .###..)###
#c.[......
#cc.J.....
##Y........ #o
##(#@#...#.#
#o..###.##.#...#.#
#o.oO###.#...#.#
#.#r## #.#...#.#
#( #.##.##.# ..
#.......# (##
#######.#
..########.....#
##
#...)...^....###


You could see a yak, 3 centaurs and a jelly.

Vanquished Creatures
  Harold (D:10)
  Erolcha (D:9)
  A two-headed ogre (D:11)
  Maurice (D:10)
  A hornet (D:9)
  Grinder (D:6)
  2 hippogriffs
  Sigmund (D:6)
  2 hungry ghosts (D:9)
  4 yaks (D:11)
  2 vampire mosquitoes (D:10)
  Menkaure (D:7)
  2 insubstantial wisps (D:10)
  Edmund (D:6)
  2 two-headed ogre zombies (D:9)
  2 water moccasins
  4 orc warriors
  A necrophage (D:11)
  4 phantoms
  2 sky beasts
  5 ice beasts
  3 ogres
  5 centaurs
  Blork the orc (D:5)
  A big kobold (D:8)
  4 bullfrogs
  4 scorpions
  A water moccasin skeleton (D:8)
  2 troll zombies (D:9)
  2 howler monkeys (D:4)
  2 crimson imps (D:5)
  2 bullfrog zombies
  8 orc priests
  4 hounds
  3 jellies
  2 bullfrog skeletons
  7 orc wizards
  A gnoll shaman (D:5)
  4 iguanas
  Natasha (twice) (D:2)
  7 worker ants
  3 ogre zombies (D:9)
  A worker ant zombie (D:7)
  8 gnolls
  13 adders
  2 shadow imps
  2 oozes
  An adder skeleton (D:4)
  2 worms (D:2)
  3 dart slugs
  5 leopard geckos
  20 orcs
  8 giant cockroaches
  5 goblins
  3 hobgoblins
  4 jackals
  5 quokkas
  3 ball pythons
  5 bats
  6 frilled lizards
  5 goblin zombies (D:9)
  3 hobgoblin zombies (D:9)
  2 jackal skeletons (D:5)
  13 kobolds
  A leopard gecko skeleton (D:8)
  An orc skeleton (D:9)
  13 orc zombies (D:9)
  8 rats
251 creatures vanquished.

Vanquished Creatures (others)
  An orc skeleton (D:9)
1 creature vanquished.

Grand Total: 252 creatures vanquished

Notes
Turn   | Place    | Note
-------+----------+-------------------------------------------
     0 | D:1      | Lavandula the Troll Wanderer began the quest for the Orb.
     0 | D:1      | Lavandula set off with the following items: a potion of
                  | curing, 12 poisoned needles, a +0 blowgun, a +0 robe, 2
                  | rations; and the following spell memorised: Magic Dart; and
                  | the following spells available to memorise: Slow, Blink,
                  | Call Imp, Conjure Flame, Mephitic Cloud
     0 | D:1      | Reached XP level 1. HP: 19/19 MP: 1/1
   116 | D:1      | Reached skill level 1 in Unarmed Combat
   117 | D:1      | Reached XP level 2. HP: 27/27 MP: 2/2
   224 | D:1      | Reached skill level 2 in Unarmed Combat
   817 | D:2      | Reached XP level 3. HP: 29/33 MP: 3/3
   833 | D:2      | Reached skill level 3 in Unarmed Combat
   922 | D:2      | Found a glowing golden altar of the Shining One.
   926 | D:2      | Found a hazy altar of Hepliaklqana.
  1162 | D:2      | Noticed Natasha
  1184 | D:2      | Killed Natasha
  1184 | D:2      | Reached XP level 4. HP: 37/41 MP: 4/4
  1191 | D:2      | Reached skill level 4 in Unarmed Combat
  1499 | D:2      | Noticed Natasha
  1505 | D:2      | Killed Natasha
  1505 | D:2      | Reached XP level 5. HP: 48/48 MP: 5/5
  1848 | D:3      | Reached skill level 5 in Unarmed Combat
  2287 | D:4      | Noticed an orc warrior
  2301 | D:4      | Killed an orc warrior
  2301 | D:4      | Reached skill level 6 in Unarmed Combat
  2301 | D:4      | Reached XP level 6. HP: 21/55 MP: 6/6
  2386 | D:4      | Found a blossoming altar of Fedhas.
  2488 | D:4      | Reached skill level 7 in Unarmed Combat
  2540 | D:4      | Reached XP level 7. HP: 44/62 MP: 7/7
  2593 | D:4      | Found a shattered altar of Ashenzari.
  2650 | D:4      | Found an opulent altar of Gozag.
  2873 | D:5      | Entered Level 5 of the Dungeon
  3096 | D:5      | Reached skill level 8 in Unarmed Combat
  3171 | D:5      | Noticed Blork the orc
  3180 | D:5      | Killed Blork the orc
  3180 | D:5      | Reached skill level 9 in Unarmed Combat
  3363 | D:5      | Reached XP level 8. HP: 38/70 MP: 8/8
  3545 | D:5      | Found a shadowy altar of Dithmenos.
  3986 | D:6      | Found a hide-covered altar of Uskayaw.
  3996 | D:6      | Noticed a +0 hand axe
  3996 | D:6      | Noticed a +0 dagger
  4033 | D:6      | Noticed Sigmund
  4055 | D:6      | Killed Sigmund
  4196 | D:6      | Found Vant's Serpentskin Sales.
  4203 | D:6      | Reached skill level 5 in Dodging
  4228 | D:6      | Noticed Grinder
  4369 | D:6      | Killed Grinder
  4390 | D:6      | Noticed Edmund
  4402 | D:6      | Killed Edmund
  4402 | D:6      | Reached XP level 9. HP: 79/79 MP: 6/9
  4457 | D:6      | Found a stormy altar of Qazlal.
  4899 | D:7      | Reached skill level 1 in Evocations
  4948 | D:7      | Noticed Menkaure
  4953 | D:7      | Killed Menkaure
  5014 | D:7      | Found a staircase to the Ecumenical Temple.
  5191 | D:8      | You fall through a shaft for 2 floors!
  5191 | D:10     | Entered Level 10 of the Dungeon
  5227 | D:10     | Noticed Harold
  5302 | D:10     | Killed Harold
  5302 | D:10     | Reached skill level 5 in Evocations
  5341 | D:9      | Reached XP level 10. HP: 79/91 MP: 13/13
  5361 | D:9      | Noticed Erolcha
  5691 | D:8      | Found a burning altar of Makhleb.
  6020 | D:9      | Found a sparkling altar of Nemelex Xobeh.
  6036 | D:9      | Found a bloodstained altar of Trog.
  6094 | D:9      | Reached skill level 5 in Throwing
  6098 | D:9      | Found a staircase to the Lair.
  6121 | D:9      | Killed Erolcha
  6185 | D:9      | Found a staircase to the Orcish Mines.
  6337 | D:9      | Found an ornate altar of the Wu Jian Council.
  6473 | D:9      | Reached skill level 5 in Fighting
  6785 | D:9      | Found a white marble altar of Elyvilon.
  7515 | D:10     | Noticed Maurice
  7542 | D:10     | Killed Maurice
  7542 | D:10     | Reached skill level 10 in Unarmed Combat
  7542 | D:10     | Reached XP level 11. HP: 61/102 MP: 14/14
  8008 | Temple   | Entered the Ecumenical Temple
  8049 | Temple   | Became a worshipper of Yredelemnul the Dark
  8220 | D:11     | Noticed a two-headed ogre
  8225 | D:11     | Killed a two-headed ogre
  8262 | D:11     | Reached skill level 11 in Unarmed Combat
  8276 | D:11     | Noticed a two-headed ogre
  8281 | D:11     | HP: 5/102 [yak (3)]
  8281 | D:11     | HP: 1/102 [centaur/arrow (4)]
  8283 | D:11     | Shot with an arrow by a centaur

Skill      XL: |  1  2  3  4  5  6  7  8  9 10 11 |
---------------+----------------------------------+-----
Unarmed Combat | 1 2 3 4 6 7 9 10 11 | 11.0
Dodging        | 6 |  6.1
Fighting       | 3 5 |  5.5
Evocations     | 5 |  5.5
Throwing       | 6 |  6.2
Polearms       | |  1.0
Stealth        | |  1.0
Shields        | |  1.0
Spellcasting   | |  1.0
Conjurations   | |  1.0
Hexes          | |  1.0

Action                   |  1- 3 |  4- 6 |  7- 9 | 10-12 || total
-------------------------+-------+-------+-------+-------++-------
Melee: Unarmed           |   124 |   142 |   254 |   350 ||   870
       Punch             |     2 |     3 |     5 |    18 ||    28
 Fire: Blowgun           |     2 |       |       |       ||     2
Throw: Javelin           |       |       |    11 |    17 ||    28
       Throwing net      |       |       |       |     1 ||     1
 Cast: Magic Dart        |       |       |     1 |       ||     1
Evoke: Wand              |       |       |       |     5 ||     5
 Stab: Sleeping          |     1 |     2 |       |     2 ||     5
  Eat: Chunk             |     9 |    20 |    26 |    30 ||    85
       Ration            |       |       |       |     2 ||     2
Armor: Robe              |    51 |    58 |    80 |   125 ||   314
Dodge: Dodged            |    81 |    59 |   109 |   116 ||   365
